 Dungeon Crawl Stone Soup version 0.15.0-13-gb296d5c (webtiles) character file.

95 k0b01d the Poker (level 4, 0/37 HPs)
             Began as a Minotaur Death Knight on Sept 3, 2014.
             Was a Believer of Yredelemnul.
             Slain by Grinder (2 damage)
             ... on Level 3 of the Dungeon.
             The game lasted 00:17:10 (2020 turns).

k0b01d the Poker (Minotaur Death Knight)            Turns: 2020, Time: 00:17:12

HP   0/37        AC  3     Str 17      XL: 4   Next: 40%
MP   5/5         EV 11     Int  8      God: Yredelemnul [**....]
Gold 59          SH  0     Dex 11      Spells:  1 memorised,  1 level left

rFire  . . .     SeeInvis .     a - +1 spear
rCold  . . .     Clarity  .     b - +0 leather armour
rNeg   . . .     rCorr    +     (no shield)
rPois  .         rRot     .     (helmet restricted)
rElec  .         Spirit   .     (no cloak)
SustAb .         Warding  .     (no gloves)
rMut   .         Stasis   .     (no boots)
Gourm  .                        h - amulet of resist corrosion
MR     .....                    (no ring)
                                (no ring)

@: injury mirror, not resistant to hostile enchantments, very unstealthy
A: retaliatory headbutt, horns 2
a: Animate Remains, Recall Undead Slaves, Injury Mirror, Renounce Religion


You were on level 3 of the Dungeon.
You worshipped Yredelemnul.
Yredelemnul was pleased with you.
You were hungry.

You visited 1 branch of the dungeon, and saw 3 of its levels.

You collected 59 gold pieces.

Inventory:

Hand weapons
 a - a +1 spear (weapon)
Armour
 b - a +0 leather armour (worn)
Magical devices
 l - a wand of polymorph (6)
 o - a wand of random effects (7)
Comestibles
 c - a bread ration
 f - a slice of pizza
 g - a meat ration
Scrolls
 d - a scroll of remove curse
 e - a scroll of blinking
Jewellery
 h - an amulet of resist corrosion (around neck)
 n - an uncursed ring of ice
Potions
 i - a potion of restore abilities
 j - a potion of resistance
 m - a potion of curing
 p - a potion of flight {unknown}
 s - a potion of brilliance {unknown}
Books
 k - a book of Burglary

   Spells                             Type                      Level
   *Swiftness                         Charms/Air                   2
   Passwall                           Transmutation/Earth          3
   Passage of Golubria                Translocation                4
   Lee's Rapid Deconstruction         Earth                        5
   Invisibility                       Hexes                        6
   Darkness                           Hexes                        7


   Skills:
 - Level 2.8 Fighting
 * Level 4.7 Polearms
 - Level 1.6 Armour
 - Level 1.2 Dodging
 - Level 3.2 Invocations


You had one spell level left.
You knew the following spells:

 Your Spells              Type           Power        Failure   Level  Hunger
a - Swiftness             Chrm/Air       #.......     69%         2    ###....


Dungeon Overview and Level Annotations

Branches:
Dungeon (3/15)

Altars:
Dithmenos
Okawaru

Annotations:
D:3 Grinder


Innate Abilities, Weirdness & Mutations

You reflexively headbutt those who attack you in melee.
You have a pair of horns on your head.


Message History

Grinder is heavily wounded.
You hit Grinder. Your headbutt misses Grinder.
Grinder is severely wounded.
Your dark mirror aura disappears.
Your orc zombie hits Grinder but does no damage.
You hit Grinder.
Grinder is severely wounded.
Grinder hits you!
You writhe in agony.
* * * LOW HITPOINT WARNING * * *
Your orc zombie closely misses Grinder.
Drink which item? (? for menu, Esc to quit)
You feel better. Grinder hits you!
You writhe in agony.
* * * LOW HITPOINT WARNING * * *
Use which ability? (? or * to list)
You offer yourself to Yredelemnul, and fill with unholy energy.
Grinder hits you.
* * * LOW HITPOINT WARNING * * *
You writhe in agony.
You die...
Your body rises from the dead as a mindless zombie.

#######.###.#.##..###...
#.........#...Z.#.# #Z..
#.#####.#.#.#.#.#.###.#.
#.....#.........#.
###.#.###.##.##.#.
#...Z.# #.##)##.#.
#.#.#.....##).....
########.#.#.########...#
#......Z@#.... #....
.....##(5###.....####...#
.. #<.# ...........%).
#.... >..........<.
#.###..5 .......... #.#
.....####.... ..# . #...#
### #...# #..(#


You could see Grinder and a friendly orc zombie.

Vanquished Creatures
  Ijyb (D:2)
  2 adders
  4 orcs (D:3)
  14 goblins
  6 hobgoblins
  6 kobolds
  5 bats
  4 giant cockroaches
  A giant gecko (D:1)
  3 giant newts
  6 rats
52 creatures vanquished.

Vanquished Creatures (others)
  An orc zombie (D:3)
1 creature vanquished.

Grand Total: 53 creatures vanquished

Notes
Turn   | Place    | Note
--------------------------------------------------------------
     0 | D:1      | k0b01d, the Minotaur Death Knight, began the quest for the Orb.
     0 | D:1      | Reached XP level 1. HP: 18/18 MP: 1/1
    63 | D:1      | Reached skill level 3 in Invocations
   187 | D:1      | Reached XP level 2. HP: 23/25 MP: 2/2
   663 | D:1      | Acquired Yredelemnul's second power
   877 | D:2      | Reached XP level 3. HP: 30/30 MP: 4/4
   942 | D:2      | Found a shadowy altar of Dithmenos.
   942 | D:2      | Found an iron altar of Okawaru.
  1081 | D:2      | Noticed Ijyb
  1121 | D:2      | Killed Ijyb
  1398 | D:2      | Reached skill level 4 in Polearms
  1422 | D:2      | Reached XP level 4. HP: 34/37 MP: 5/5
  1685 | D:2      | Learned a level 2 spell: Swiftness
  1993 | D:3      | Noticed Grinder
  2020 | D:3      | Slain by Grinder

Action                   |  1- 3 |  4- 6 || total
-------------------------+-------+-------++-------
Melee: Spear             |   109 |    54 ||   163
       Unarmed           |    13 |       ||    13
Invok: Injury Mirror     |     2 |     2 ||     4
       Animate Remains   |       |     3 ||     3
Evoke: Wand              |     1 |       ||     1
  Use: Scroll            |     4 |     4 ||     8
       Potion            |       |     1 ||     1
  Eat: Chunk             |     2 |     1 ||     3
